 Dungeon Crawl Stone Soup version 0.25.1-2-g60ff931df9 (webtiles) character file.

Game seed: 9850712542032708320

259 solopath the Slasher (level 5, 38/38 HPs)
             Began as a Demonspawn Gladiator on Oct 28, 2020.
             Was an Initiate of Nemelex Xobeh.
             Quit the game in the Ecumenical Temple.
             The game lasted 00:06:00 (4492 turns).

solopath the Slasher (Demonspawn Gladiator)         Turns: 4492, Time: 00:06:00

Health: 38/38      AC:  5    Str: 14    XL:     5   Next: 94%
Magic:  5/5        EV: 12    Int: 10    God:    Nemelex Xobeh [......]
Gold:   103        SH:  5    Dex: 15    Spells: 4/4 levels left

rFire    . . .     SeeInvis .   a - +0 long sword
rCold    . . .     Gourm    .   (no shield)
rNeg     . . .     Faith    .   b - +1 leather armour
rPois    .         Spirit   .   (helmet restricted)
rElec    .         Reflect  +   (no cloak)
rCorr    .         Harm     .   (no gloves)
MR       .....                  n - +0 pair of boots
Stlth    ++........             i - amulet of reflection
HPRegen  0.12/turn              (no ring)
MPRegen  0.09/turn              (no ring)

@: no status effects
A: horns 2, demonic guardian 1, rot immunity
a: Draw Escape, Draw Destruction, Draw Summoning, Renounce Religion


You were in the Ecumenical Temple.
You worshipped Nemelex Xobeh.
Nemelex Xobeh was noncommittal.
You were not hungry.

You visited 2 branches of the dungeon, and saw 5 of its levels.
You also visited: Sewer.

You collected 103 gold pieces.

Inventory:

Hand Weapons
 a - a +0 long sword (weapon)
Missiles
 d - 3 throwing nets (quivered)
Armour
 b - a +1 leather armour (worn)
 c - a +0 helmet
 n - a +0 pair of boots (worn)
Jewellery
 i - an amulet of reflection (around neck)
 s - an uncursed amulet of magic regeneration
Scrolls
 h - 4 scrolls of remove curse
Potions
 e - 3 potions of flight
 g - a potion of mutation {unknown}
 j - 3 potions of curing {unknown}
 k - a potion of brilliance {unknown}
 l - 3 potions of invisibility {unknown}
 m - 3 potions of heal wounds {unknown}
 o - 2 potions of might {unknown}
 p - a potion of degeneration {unknown}
 r - a potion of lignification {unknown}
Comestibles
 f - 4 rations


   Skills:
 - Level 2.0 Fighting
 + Level 5.8 Long Blades
 - Level 1.7 Throwing
 - Level 2.6 Dodging
 + Level 1.6 Stealth


You had 4 spell levels left.
You didn't know any spells.
Your spell library was empty.

Dungeon Overview and Level Annotations

Branches:
Dungeon (4/15)             Temple (1/1) D:4           Sewer (visited)

Altars:
Ashenzari
Cheibriados
Dithmenos
Elyvilon
Fedhas
Gozag
Hepliaklqana
Kikubaaqudgha
Makhleb
Nemelex Xobeh
Okawaru
Qazlal
Ru
Sif Muna
Trog
Uskayaw
Vehumet
Wu Jian
Xom
Yredelemnul
Zin
The Shining One

Annotations:
D:3 1 runed translucent door, Crazy Yiuf


Innate Abilities, Weirdness & Mutations

You have a pair of horns on your head.
A weak demonic guardian rushes to your aid.
You are immune to rotting.


Message History

You eat one of the 5 rations.
That ration really hit the spot!
There is a sparkling altar of Nemelex Xobeh here.
There is a fountain of clear blue water here.
There is a fountain of clear blue water here.
There is a fountain of clear blue water here.
There is a fountain of clear blue water here.
There is a fountain of clear blue water here.
There is a fountain of clear blue water here.
There is a fountain of clear blue water here.
There is a fountain of clear blue water here.
There is a fountain of clear blue water here.
Partly explored, can't reach some places.
There is a sacrificial altar of Ru here.
Why would you want to do that?
There is a sparkling altar of Nemelex Xobeh here.
You kneel at the altar of Nemelex Xobeh.
You kneel at the altar of Nemelex Xobeh.
Nemelex Xobeh welcomes you!
You can now draw from decks of power.
Are you sure you want to abandon this character and quit the game? (Confirm with "yes".)

≈...........## ##........
≈≈...........## ##.........
≈≈⌠...........#########..........
≈≈≈....._.......##_##......._....
≈≈≈..............................
≈≈≈≈.............................
≈≈≈≈........_..........._........
≈≈≈≈≈...........................≈
≈≈≈≈≈≈⌠.........@..._.........⌠≈≈
≈≈≈≈≈≈≈.......................≈≈≈
≈≈≈≈≈≈≈≈.....................≈≈≈≈
≈≈≈≈≈≈≈≈≈≈.................≈≈≈≈≈≈
≈≈≈≈≈≈≈≈≈≈≈≈⌠...........⌠≈≈≈≈≈≈≈≈
≈≈≈≈≈≈≈≈≈≈≈≈≈≈....⌠....≈≈≈≈≈≈≈≈≈≈
≈≈≈≈≈≈≈≈≈≈≈≈≈≈≈≈≈≈≈≈≈≈≈≈≈≈≈≈≈≈≈≈≈
≈≈≈≈≈≈≈≈≈≈≈≈≈≈≈≈≈≈≈≈≈≈≈≈≈≈≈≈≈≈≈≈≈
≈≈≈≈≈≈≈≈≈≈≈≈≈≈≈≈≈≈≈≈≈≈≈≈≈≈≈≈≈≈≈≈≈


There were no monsters in sight!

Vanquished Creatures
  An orc priest (D:3)
  A howler monkey skeleton (D:4)
  2 adders
  2 river rats (Sewer)
  An ooze (D:2)
  An adder skeleton (D:4)
  2 dart slugs
  5 leopard geckos
  2 orcs (D:3)
  A ball python (D:1)
  9 giant cockroaches
  11 goblins
  4 hobgoblins
  3 jackals
  8 kobolds
  A quokka (D:4)
  6 bats
  4 frilled lizards
  14 rats
78 creatures vanquished.

Vanquished Creatures (collateral kills)
  A big kobold (Sewer)
  An orc priest (D:3)
  A bullfrog skeleton (D:2)
  An adder (D:2)
  A jackal (Sewer)
  4 kobolds (Sewer)
9 creatures vanquished.

Grand Total: 87 creatures vanquished

Notes
Turn   | Place    | Note
-------+----------+-------------------------------------------
     0 | D:1      | solopath the Demonspawn Gladiator began the quest for the
                  | Orb.
     0 | D:1      | Reached XP level 1. HP: 16/16 MP: 1/1
    76 | D:1      | Reached skill level 3 in Long Blades
   113 | D:1      | Gained mutation: You have a pair of small horns on your
                  | head. [demonic ancestry]
   113 | D:1      | Reached XP level 2. HP: 18/22 MP: 2/2
   755 | D:1      | Gained mutation: A weak demonic guardian rushes to your
                  | aid. [demonic ancestry]
   755 | D:1      | Reached XP level 3. HP: 21/27 MP: 3/3
   960 | D:2      | Reached skill level 4 in Long Blades
  1447 | D:2      | Gained mutation: You have a pair of horns on your head.
                  | [demonic ancestry]
  1447 | D:2      | Reached XP level 4. HP: 22/33 MP: 4/4
  2513 | D:3      | Found a glowing silver altar of Zin.
  2607 | D:3      | Found a glowing drain.
  2618 | D:3      | Reached skill level 5 in Long Blades
  2619 | D:3      | Gained mutation: You are immune to rotting. [demonic
                  | ancestry]
  2619 | D:3      | Reached XP level 5. HP: 34/38 MP: 5/5
  2648 | Sewer    | Entered a sewer
  2809 | Sewer    | Reached skill level 1 in Stealth
  2914 | Sewer    | Found a white marble altar of Elyvilon.
  3467 | D:3      | Found a runed translucent door.
  3468 | D:3      | Noticed Crazy Yiuf
  4185 | D:4      | Found a staircase to the Ecumenical Temple.
  4192 | Temple   | Entered the Ecumenical Temple
  4491 | Temple   | Became a worshipper of Nemelex Xobeh the Trickster
  4492 | Temple   | Quit the game

Illustrated notes

Levels and vault maps discovered:
D:1:      lemuel_arrival_muddy, layout_loops_ring, st_stairs_11,
          minmay_heptomino_w4
D:2:      layout_basic, minmay_three_crescents
D:3:      layout_basic, old_standard_altar, gup_sewer_entry_glass,
          uniq_crazy_yiuf_cottage
D:4:      layout_loops_corners, temple_green, first_ration, minivault_14,
          grunt_decor_mini_mirrors
Temple:   nicolae_temple_the_god_donut

Skill      XL: |  1  2  3  4  5 |
---------------+----------------+-----
Long Blades    | 3 4 5 |  5.8
Stealth        | 1 |  1.6
Fighting       | |  2.0
Throwing       | |  1.7
Dodging        | |  2.6

Action                   |  1- 3 |  4- 6 || total
-------------------------+-------+-------++-------
Melee: Long sword        |    65 |   112 ||   177
       Headbutt          |    10 |    18 ||    28
  Use: Scroll            |       |     4 ||     4
       Potion            |       |     1 ||     1
 Stab: Sleeping          |       |     2 ||     2
  Eat: Chunk             |     2 |     7 ||     9
       Ration            |       |     1 ||     1
Armor: Leather armour    |    25 |    26 ||    51
Dodge: Dodged            |    56 |    78 ||   134
Block: Other             |       |    20 ||    20
       Reflection        |       |     3 ||     3
       Rpst.: Long sword |    20 |    22 ||    42
